 Dungeon Crawl Stone Soup version 0.30-a0-424-g7412bad402 (webtiles) character file.

Game seed: 9316405260419084126

160 bande the Covered (level 5, -7/33 HPs)
             Began as a Gargoyle Fighter on Dec 10, 2022.
             Was an Initiate of Okawaru.
             Killed by divine providence
             ... invoked by an orc priest
              (15 damage)
             ... on level 4 of the Dungeon.
             The game lasted 00:03:58 (2033 turns).

bande the Covered (Gargoyle Fighter)                Turns: 2033, Time: 00:03:58

Health: -7/33      AC: 16    Str: 20    XL:     5   Next: 41%
Magic:  5/5        EV:  9    Int:  8    God:    Okawaru [......]
Gold:   100        SH:  4    Dex: 11    Spells: 4/4 levels left

rFire   . . .      SeeInvis .    a - +0 war axe
rCold   + . .      Faith    .    c - +0 buckler
rNeg    + . .      Spirit   .    m - +2 scale mail {rC+}
rPois   ∞          Reflect  .    k - +0 helmet
rElec   +          Harm     .    (no cloak)
rCorr   .          Rampage  .    l - +1 pair of gloves
Will    .....                    (no boots)
Stlth   ..........               (no amulet)
HPRegen 0.25/turn                (no ring)
MPRegen 0.09/turn                (no ring)

@: no status effects
A: sickness immunity, AC +4, negative energy resistance 1, electricity
resistance, torment resistance 1, petrification resistance
a: Renounce Religion


You were on level 4 of the Dungeon.
You worshipped Okawaru.
Okawaru was noncommittal.
You visited 1 branch of the dungeon, and saw 4 of its levels.

You collected 100 gold pieces.

Inventory:

Hand Weapons
 a - a +0 war axe (weapon)
 s - a +0 flail of protection
Armour
 c - a +0 buckler (worn)
 k - a +0 helmet (worn)
 l - a +1 pair of gloves (worn)
 m - a +2 scale mail of cold resistance (worn)
Jewellery
 n - an amulet of the acrobat
 o - a ring of ice
Scrolls
 j - a scroll of poison
Potions
 b - a potion of haste
 d - 5 potions of might
 e - a potion of degeneration {unknown}
 f - a potion of cancellation {unknown}
 i - 2 potions of magic
 t - a potion of brilliance {unknown}


   Skills:
 + Level 3.8 Fighting
 + Level 3.8 Axes
 + Level 4.2 Armour
 + Level 3.6 Shields
 * Level 0.4 Invocations


You had 4 spell levels left.
You didn't know any spells.
Your spell library contained the following spells:

 Spells                   Type           Power      Damage    Failure   Level
 Portal Projectile        Hex/Tloc       0%         N/A       99%         3
 Leda's Liquefaction      Hex/Erth       0%         N/A       100%        4
 Call Canine Familiar     Summ           Unusable   N/A       N/A         3

Dungeon Overview and Level Annotations

Branches:
Dungeon (4/15)
 Temple: D:4-7

Altars:
Dithmenos
Okawaru


Innate Abilities, Weirdness & Mutations

You are immune to sickness and miasma.
Your stone body is resilient. (AC +4)
You are immune to poison.
You resist negative energy. (rN+)
You are resistant to electric shocks. (rElec)
You are resistant to unholy torment.
You are immune to petrification.


Message History

The orc priest invokes the aid of Beogh against you.
Beogh smites you! The orc hits you but does no damage. x2
Unknown command.
The orc hits you but does no damage.
The orc priest hits you from afar with a +0 trident.
You block the orc's attack.
You see here a giant cockroach corpse.
The orc priest hits you but does no damage.
The orc hits you but does no damage. The orc barely misses you.
Unknown command.
The orc attacks as you move away! You block the orc's attack.
Found a scroll labelled FUULOY ZEEHALU.
The orc priest hits you but does no damage.
Unknown command.
You block the orc's attack.
You slash the orc priest!
The orc priest is heavily wounded.
You closely miss the orc. x2; You hit the orc.
The orc hits you but does no damage.
The orc priest calls down the wrath of Beogh upon you.
Beogh smites you! The orc hits you but does no damage. x2
You closely miss the orc. You slash the orc!
You kill the orc!
Okawaru accepts your kill.
You barely miss the orc priest. You slash the orc!
You kill the orc!
Okawaru accepts your kill. The orc priest barely misses you.
The orc hits you but does no damage. You block the orc's attack.
The orc priest invokes the aid of Beogh against you.
Pain shoots through your body!
* * * LOW HITPOINT WARNING * * *
You closely miss the orc priest.
The orc priest is heavily wounded.
You hit the orc.
You kill the orc!
Okawaru accepts your kill.
The orc priest calls down the wrath of Beogh upon you.
Beogh smites you!
You die...

##....†..###..#
#......####....
##...####.......
###.### ..# ....
##.....##..##
.#......#....###
........†).......
#.......)))...###
#.#..#....@o.....#
.............$...#
)...#......##....
..##......## #.##
......... .#
.#.........
##........
###..?.##.


You could see an orc priest.

Vanquished Creatures
  Terence (D:2)
  Robin (D:2)
  5 adders
  A worm (D:3)
  9 orcs
  5 ball pythons
  7 bats
  An endoplasm (D:1)
  3 giant cockroaches
  10 hobgoblins
  2 jackals (D:4)
  3 quokkas (D:1)
  A frilled lizard (D:1)
  11 goblins
  2 kobolds
  5 rats
67 creatures vanquished.

Notes
Turn   | Place    | Note
-------+----------+-------------------------------------------
     0 | D:1      | bande the Gargoyle Fighter began the quest for the Orb.
     0 | D:1      | Reached XP level 1. HP: 14/14 MP: 1/1
   126 | D:1      | Reached XP level 2. HP: 19/19 MP: 2/2
   459 | D:1      | Found a faded altar of an unknown god.
   813 | D:2      | Reached XP level 3. HP: 23/23 MP: 3/3
   874 | D:2      | Noticed Robin
   886 | D:2      | Killed Robin
   945 | D:2      | Reached XP level 4. HP: 29/29 MP: 4/4
   999 | D:2      | Noticed Terence
  1004 | D:2      | Killed Terence
  1060 | D:2      | Reached skill level 4 in Armour
  1590 | D:3      | Found a shadowy altar of Dithmenos.
  1597 | D:3      | Reached XP level 5. HP: 27/33 MP: 5/5
  1863 | D:3      | Found an iron altar of Okawaru.
  1871 | D:3      | Became a worshipper of Warmaster Okawaru
  2033 | D:4      | Killed from afar by an orc priest

Illustrated notes

Levels and vault maps discovered:
D:1:      elethiomel_arrival_shortcut, layout_loops_ring,
          nicolae_ecumenical_lake_church
D:2:      layout_basic, uniq_terence, uniq_robin
D:3:      layout_basic, marbit_many_paths, nicolae_dithmenos_shadow_blocks
D:4:      layout_cave_pools, kennysheep_mini

Skill      XL: |  1  2  3  4 |
---------------+-------------+-----
Axes           | 2 3 |  3.8
Armour         | 4 |  4.2
Fighting       | |  3.8
Shields        | |  3.6
Invocations    | |  0.4

Action                   |  1- 3 |  4- 6 || total
-------------------------+-------+-------++-------
Melee: War axe           |   119 |   101 ||   220
  Use: Scroll            |     1 |     7 ||     8
Armor: Scale mail        |    60 |    74 ||   134
Dodge: Dodged            |    58 |    53 ||   111
Block: Buckler           |    21 |    29 ||    50

Table legend: (Time is in decaauts)
 A = Elapsed time spent in this place.
 B = Non-inter-level travel time spent in this place.
 C = Inter-level travel time spent in this place.
 D = Time resting spent in this place.
 E = Time spent auto-exploring this place.
 F = Levels seen in this place.
 G = Mean time per level.
                   A        B        C        D        E       F      G
               +--------+--------+--------+--------+--------+-----+--------+
         Total |   2126 |   2088 |     38 |    115 |   1351 |   4 |  531.5 |
       Dungeon |   2126 |   2088 |     38 |    115 |   1351 |   4 |  531.5 |
               +--------+--------+--------+--------+--------+-----+--------+

Top non-repeatable levels by time:
     D:1: 824 daAuts
     D:2: 636 daAuts
     D:3: 575 daAuts
     D:4: 90 daAuts
